 Dungeon Crawl Stone Soup version 0.31-a0-931-g7b59d4eb97 (webtiles) character file.

Game seed: 9007003814585545673

616 Dirtsage the Ruffian (level 7, -2/46 HPs)
             Began as an Octopode Shapeshifter on Oct 19, 2023.
             Slain by a howler monkey (5 damage)
             ... on level 5 of the Dungeon on Oct 20, 2023.
             The game lasted 00:06:15 (3330 turns).

Dirtsage the Ruffian (Octopode Shapeshifter)        Turns: 3330, Time: 00:06:15

Health: -2/46      AC:  1    Str: 15    XL:     7   Next: 45%
Magic:  7/7        EV: 13    Int: 12    God:
Gold:   294        SH:  0    Dex: 12    Spells: 6/6 levels left

rFire   . .          .
                       - Unarmed
rCold   . . .        (no shield)
rNeg    . . .        (helmet currently unavailable)
rPois   .            (no amulet)
rElec   .            C - ring of resist corrosion
rCorr   +            r - ring of flight
SInv    .            (no ring)
Will    .....        (no ring)
Stlth   ++           (no ring)
HPRegen 0.27/turn    (no ring)
MPRegen 0.10/turn    (no ring)
                     (no ring)

%: no passive effects
@: beast-form, flying
A: beast (slay +3), almost no armour, amphibious, 8 rings, camouflage 1,
gelatinous body 1, (nimble swimmer 1), tentacles
a: Begin Untransformation


You were on level 5 of the Dungeon.
You were a hulking beast.
You visited 1 branch of the dungeon, and saw 5 of its levels.

You collected 294 gold pieces.

Inventory:

Missiles
 u - a throwing net
Magical Staves
 s - a staff of air
Jewellery
 r - a ring of flight (right tentacle)
 C - a ring of resist corrosion (left tentacle)
Talismans
 b - a beast talisman (active)
 c - a flux talisman
Scrolls
 d - 2 scrolls of vulnerability {unknown}
 f - 5 scrolls of identify {unknown}
 i - a scroll of amnesia {unknown}
 j - a scroll of silence {unknown}
 k - a scroll of blinking {unknown}
 m - 2 scrolls of teleportation {unknown}
 o - a scroll of enchant armour {unknown}
 q - a scroll of poison {unknown}
Potions
 a - 3 potions of lignification
 e - 2 potions of attraction {unknown}
 g - 4 potions of curing {unknown}
 h - 3 potions of enlightenment {unknown}
 l - 2 potions of degeneration {unknown}
 n - a potion of invisibility {unknown}
 p - 2 potions of heal wounds {unknown}
 t - 2 potions of magic {unknown}


   Skills:
 + Level 3.4 Fighting
 - Level 2.0 Dodging
 * Level 5.7 Unarmed Combat
 * Level 5.4 Shapeshifting


You had 6 spell levels left.
You didn't know any spells.
Your spell library contained the following spells:

 Spells                   Type           Power      Damage    Failure   Level
 Apportation              Tloc           0%         N/A       32%         1
 Necrotise                Necr           0%         1d4       32%         1
 Summon Small Mammal      Summ           0%         N/A       32%         1
 Summon Forest            Summ/Tloc      0%         N/A       100%        5
 Summon Mana Viper        Hex/Summ       0%         N/A       100%        5
 Summon Cactus Giant      Summ           0%         N/A       100%        6


Dungeon Overview and Level Annotations

Branches:
Dungeon (5/15)             Temple (0/1) D:5

Altars:
Ru
Trog

Shops:
D:2 (


Innate Abilities, Weirdness & Mutations

You are a hulking beast.
Your limbs bulge with bestial killing power. (Slay +3)
You cannot wear most types of armour.
You are amphibious.
You can wear up to eight rings at the same time.
Your skin changes colour to match your surroundings (Stealth+).
Your rubbery body absorbs attacks. (AC +1, EV +1)
((You are camouflaged when in or above water. (Stealth+)))
You have tentacles for arms and can constrict up to eight enemies at once.


Message History

The howler monkey hoots and howls with incredible vigour!
You hear a shout! x2; You hear a howl!
You hear a shout! x2
You hear an angry hiss.
You hear a shout!
You tentacle-slap the ice beast but do no damage.
The ice beast is moderately wounded.
The ice beast barely misses you. The hound misses you.
You tentacle-slap the ice beast.
The ice beast is heavily wounded.
The ice beast hits you. The ice beast freezes you! The howler monkey hits you.
The hound bites you.
You take 17 damage, and have 29/46 hp.
MASSIVE DAMAGE!!
You are too injured to fight recklessly!
You tentacle-slap the ice beast.
The ice beast is heavily wounded.
The hound barely misses you. The howler monkey hits you.
The ice beast closely misses you.
You take 3 damage, and have 26/46 hp.
You tentacle-slap the ice beast. You squeeze the ice beast.
The ice beast is severely wounded.
The hound barely misses you. The howler monkey hits you.
The ice beast closely misses you. The hound barely misses you.
You take 6 damage, and have 20/46 hp.
You tentacle-slap the ice beast but do no damage.
The ice beast is severely wounded.
The howler monkey hoots and howls with incredible vigour!
The hound closely misses you. The ice beast hits you.
The ice beast freezes you.
* * * LOW HITPOINT WARNING * * *
You hear a howl!
You hear a shout!
You take 8 damage, and have 12/46 hp.
The hound closely misses you. The ice beast hits you.
* * * LOW HITPOINT WARNING * * *
The ice beast freezes you!
* * * LOW HITPOINT WARNING * * *
You take 9 damage, and have 3/46 hp.
The hound bites you.
* * * LOW HITPOINT WARNING * * *
The howler monkey attacks as it pursues you!
The howler monkey hits you.
You die...

#..# #..# #
#..# . #. #..
#.#.####.#
........$#
#...Y<###.#
#...hh....#
#..PhP###...#
#.##.## ## #
... ..>..
P#...#P
####.####


P.P ... You could see an ice beast, a howler monkey (catching breath) and a
hound.

Vanquished Creatures
  Grinder (D:4)
  A scorpion (D:4)
  2 hounds (D:4)
  An orc priest (D:4)
  An iguana (D:4)
  3 orc wizards
  3 gnolls (D:4)
  An adder (D:2)
  5 worms
  A dart slug (D:2)
  15 orcs
  5 bats
  7 endoplasms
  2 giant cockroaches
  9 goblins
  10 hobgoblins
  12 jackals
  5 kobolds
  A quokka (D:2)
  7 ball pythons
  6 frilled lizards
  7 rats
105 creatures vanquished.

Notes
Turn   | Place    | Note
-------+----------+-------------------------------------------
     0 | D:1      | Dirtsage the Octopode Shapeshifter began the quest for the
                  | Orb.
     0 | D:1      | Reached XP level 1. HP: 13/13 MP: 1/1
   223 | D:1      | Reached XP level 2. HP: 18/18 MP: 2/2
   669 | D:2      | Reached XP level 3. HP: 18/23 MP: 3/3
   897 | D:2      | Found Enudaum's Antique Weapon Shop.
  1126 | D:2      | Reached XP level 4. HP: 24/29 MP: 4/4
  1651 | D:3      | Found a faded altar of an unknown god.
  1803 | D:3      | Reached XP level 5. HP: 22/34 MP: 5/5
  2215 | D:4      | Reached XP level 6. HP: 33/41 MP: 6/6
  2452 | D:4      | Reached skill level 5 in Unarmed Combat
  2657 | D:4      | Found a sacrificial altar of Ru.
  2877 | D:4      | Noticed a moth of wrath
  2879 | D:4      | Noticed Grinder
  2887 | D:4      | Paralysed by Grinder for 3 turns
  2894 | D:4      | Killed Grinder
  2895 | D:4      | Reached skill level 5 in Shapeshifting
  2895 | D:4      | Reached XP level 7. HP: 26/46 MP: 7/7
  2991 | D:4      | Found a bloodstained altar of Trog.
  3164 | D:4      | Identified the +8 sling of Malaise {heavy, rPois rF++
                  | Dex-5}
  3321 | D:5      | Entered Level 5 of the Dungeon
  3321 | D:5      | Found a staircase to the Ecumenical Temple.
  3330 | D:5      | Slain by a howler monkey

Illustrated notes

Levels and vault maps discovered:
D:1:      matt_arrival_refuge, layout_loops_ring, minmay_indecisive_spiral
D:2:      layout_basic, serial_shops, shop, guppyfry_early_orc_mine
D:3:      layout_rooms, ebering_ecumenical_altar_hall
D:4:      layout_loops_ring, mainiacjoe_overflow_alcove_2, tgw_trog,
          uniq_grinder
D:5:      layout_loops_cross, kennysheep_little_box,
          minmay_temple_entry_gardened_gates, uniq_pikel, uniq_duvessa

Skill      XL: |  1  2  3  4  5  6 |
---------------+-------------------+-----
Fighting       | 2 3 |  3.4
Unarmed Combat | 4 5 |  5.7
Shapeshifting  | 4 5 |  5.4
Dodging        | |  2.0

Action                     |  1- 3 |  4- 6 |  7- 9 || total
---------------------------+-------+-------+-------++-------
  Melee: Unarmed           |    63 |   121 |    16 ||   200
         Constrict         |    14 |    35 |     3 ||    52
         Tentacles         |    15 |    33 |     4 ||    52
         Punch             |       |     2 |     1 ||     3
   Stab: Sleeping          |    11 |     4 |     1 ||    16
         Distracted        |       |     1 |       ||     1
 Armour: Skin              |    23 |    45 |    10 ||    78
  Dodge: Dodged            |    32 |    45 |    12 ||    89

Table legend: (Time is in decaauts)
 A = Elapsed time spent in this place.
 B = Non-inter-level travel time spent in this place.
 C = Inter-level travel time spent in this place.
 D = Time resting spent in this place.
 E = Time spent auto-exploring this place.
 F = Levels seen in this place.
 G = Mean time per level.
                   A        B        C        D        E       F      G
               +--------+--------+--------+--------+--------+-----+--------+
         Total |   3311 |   3196 |    115 |     29 |   2555 |   5 |  662.2 |
       Dungeon |   3311 |   3196 |    115 |     29 |   2555 |   5 |  662.2 |
               +--------+--------+--------+--------+--------+-----+--------+

Top non-repeatable levels by time:
     D:4: 1172 daAuts
     D:2: 879 daAuts
     D:1: 654 daAuts
     D:3: 596 daAuts
     D:5: 8 daAuts
